AoeStats
← tiger

Black Forest

509514967Analyzed
4v4 RM · 5d ago on Sep 27, 2026· 65m 30s· 8 players
Game mode
Random Map
Map size
Large (8 player)
Population
200
Speed
Normal
Resources
Standard
Victory
Conquest
Starting age
Dark Age
Ending age
Imperial Age
RankedLock teamsTeams togetherTeam positionsShared explorationLock speedFull tech treeHidden civsTurbo modeCheats
Victory
Defeat
🇺🇸 Romans · United States
1057
+11
🇺🇸 Khmer · United States
949
+15
🇺🇸 Persians · United States
805
+21
🇺🇸 Goths · United States
793
+22
🇩🇪 Britons · Germany
938
-18
🇳🇮 Saxons · Nicaragua
925
-17
🇺🇸 Varangians · United States
919
-17
🇳🇮 Wei · Nicaragua
914
-17
crypt0x
5:34 Loom
11:24 Feudal Age
12:50 Double-Bit Axe
15:43 Castle Age
13:57 Scale Mail Armor
18:00 Town Watch
19:29 Chain Mail Armor
22:11 Wheelbarrow
26:46 Caravan
30:09 Imperial Age
29:22 Man-at-Arms
30:04 Long Swordsman
31:00 Forging
30:40 Heavy Scorpion
33:12 Bow Saw
33:16 Legionary
35:01 Iron Casting
34:46 Fortified Wall
35:06 Ballistics
35:55 Chemistry
35:40 Conscription
36:18 Fortified Wall
36:24 Masonry
38:17 Blast Furnace
40:45 Conscription
47:32 Squires
46:53 Pikeman
48:37 Halberdier
55:54 Fletching
57:24 Elite Centurion
57:31 Elite Centurion
63:56 Siege Engineers
63:50 Bodkin Arrow
64:04 Scale Barding Armor
tiger
4:58 Loom
13:14 Feudal Age
18:01 Castle Age
20:55 Gold Mining
24:18 Horse Collar
24:26 Double-Bit Axe
30:09 Bow Saw
30:03 Heavy Plow
32:06 Wheelbarrow
32:56 Gold Shaft Mining
32:12 Stone Mining
33:16 Hand Cart
33:19 Scale Barding Armor
33:28 Forging
33:11 Fletching
33:47 Bloodlines
33:53 Town Watch
34:23 Caravan
35:21 Husbandry
36:06 Elite Skirmisher
41:04 Imperial Age
42:00 Heavy Camel Rider
45:33 Thumb Ring
46:49 Parthian Tactics
45:46 Heavy Cavalry Archer
48:32 Chain Barding Armor
48:48 Iron Casting
48:10 Bodkin Arrow
48:15 Padded Archer Armor
51:16 Chemistry
50:38 Ballistics
52:07 Elite War Elephant
52:49 Kamandaran
53:16 Conscription
56:15 Plate Barding Armor
60:31 Hoardings
B3Guy
8:32 Loom
11:48 Feudal Age
15:43 Castle Age
24:23 Horse Collar
24:51 Double-Bit Axe
25:43 Heavy Plow
25:58 Bow Saw
27:16 Wheelbarrow
26:28 Town Watch
28:13 Town Patrol
28:18 Gold Mining
28:27 Stone Mining
29:44 Hand Cart
29:37 Caravan
31:50 Stone Shaft Mining
35:23 Imperial Age
33:47 Anarchy
34:38 Forging
35:02 Murder Holes
35:23 Scale Barding Armor
35:22 Scale Mail Armor
36:00 Iron Casting
36:17 Perfusion
36:38 Conscription
37:07 Guilds
37:26 Chain Mail Armor
37:29 Squires
37:06 Elite Huskarl
39:36 Two-Man Saw
39:15 Crop Rotation
46:06 Blast Furnace
46:52 Pikeman
46:56 Man-at-Arms
47:25 Halberdier
47:28 Long Swordsman
48:36 Two-Handed Swordsman
50:21 Champion
FluxLithium
7:47 Loom
12:57 Feudal Age
16:39 Castle Age
14:26 Horse Collar
14:37 Double-Bit Axe
17:53 Heavy Plow
18:05 Bow Saw
22:28 Wheelbarrow
24:11 Gold Mining
25:11 Hand Cart
24:42 Town Watch
26:43 Caravan
27:10 Stone Mining
27:55 Gold Shaft Mining
28:47 Coinage
28:28 Fletching
28:39 Padded Archer Armor
28:49 Forging
28:39 Scale Mail Armor
29:50 Stone Shaft Mining
29:51 Gold Shaft Mining
32:13 Imperial Age
29:44 Town Patrol
31:44 Scale Barding Armor
32:15 Iron Casting
31:35 Bodkin Arrow
32:04 Ballistics
31:55 Fortified Wall
31:56 Masonry
31:41 Murder Holes
33:18 Siege Engineers
34:14 Chemistry
33:27 Siege Engineers
34:23 Chemistry
33:34 Masonry
33:20 Murder Holes
34:11 Banking
34:29 Elite Ballista Elephant
35:30 Conscription
35:13 Double Crossbow
35:49 Hoardings
36:35 Blast Furnace
35:55 Chain Barding Armor
35:36 Bracer
37:07 Bloodlines
36:58 Husbandry
36:44 Elite Battle Elephant
38:58 Plate Barding Armor
38:41 Leather Archer Armor
38:54 Elite Battle Elephant
40:53 Heavy Scorpion
42:12 Chain Mail Armor
42:27 Ring Archer Armor
49:07 Onager
TheDukeofWrenches
8:47 Loom
12:58 Feudal Age
17:23 Castle Age
15:51 Double-Bit Axe
18:25 Bow Saw
17:57 Horse Collar
19:42 Wheelbarrow
26:52 Scale Barding Armor
28:53 Hand Cart
30:48 Forging
30:58 Chain Barding Armor
32:49 Iron Casting
34:01 Gold Mining
34:02 Stone Mining
34:14 Heavy Plow
37:29 Imperial Age
35:24 Scale Mail Armor
36:20 Squires
37:49 Husbandry
38:00 Bloodlines
37:13 Vendel Legacy
37:49 Onager
39:18 Caravan
43:04 Cavalier
47:25 Blast Furnace
46:40 Chain Mail Armor
47:00 Plate Barding Armor
46:17 Fletching
46:27 Padded Archer Armor
46:36 Siege Engineers
47:32 Chemistry
46:13 Treadmill Crane
46:43 Masonry
51:13 Two-Man Saw
50:39 Conscription
51:08 Man-at-Arms
53:14 Light Cavalry
djowyn
9:09 Loom
12:24 Feudal Age
13:35 Double-Bit Axe
13:34 Horse Collar
20:51 Castle Age
19:35 Gold Mining
19:42 Stone Mining
22:06 Bow Saw
22:00 Heavy Plow
26:27 Wheelbarrow
26:32 Town Watch
30:49 Imperial Age
29:07 Hand Cart
29:15 Husbandry
29:26 Bloodlines
31:48 Town Patrol
32:32 Heavy Hei Guang Cavalry
34:42 Crop Rotation
35:47 Gold Shaft Mining
35:49 Stone Shaft Mining
36:15 Scale Barding Armor
36:21 Forging
36:13 Scale Mail Armor
36:13 Padded Archer Armor
36:03 Fletching
36:45 Ballistics
36:38 Masonry
36:23 Murder Holes
37:43 Conscription
38:30 Chain Barding Armor
38:47 Iron Casting
38:29 Pikeman
39:09 Squires
39:37 Arson
40:35 Chain Mail Armor
40:21 Padded Archer Armor
40:12 Fletching
41:27 Chemistry
40:36 Halberdier
41:49 Tuntian
42:18 Ming Guang Armor
43:01 Onager
45:08 Blast Furnace
45:06 Hoardings
44:44 Caravan
45:00 Light Cavalry
47:22 Leather Archer Armor
47:03 Bodkin Arrow
54:20 Coinage
mperez
10:19 Feudal Age
10:57 Feudal Age
15:15 Castle Age
13:55 Double-Bit Axe
13:52 Horse Collar
16:21 Bow Saw
16:12 Heavy Plow
21:50 Wheelbarrow
21:01 Town Watch
21:01 Loom
23:57 Hand Cart
24:17 Gold Mining
24:17 Stone Mining
31:21 Imperial Age
28:51 Fletching
28:53 Crossbowman
29:56 Ballistics
29:21 Treadmill Crane
30:06 Treadmill Crane
30:51 Thumb Ring
30:59 Masonry
30:49 Murder Holes
31:42 Bodkin Arrow
31:47 Padded Archer Armor
31:47 Arbalester
33:30 Chemistry
32:33 Pikeman
33:14 Squires
33:16 Bracer
34:01 Leather Archer Armor
33:47 Scale Mail Armor
33:57 Forging
35:11 Siege Engineers
35:37 Architecture
35:36 Conscription
36:20 Halberdier
38:24 Chain Mail Armor
38:40 Ring Archer Armor
38:46 Iron Casting
40:04 Crop Rotation
40:35 Two-Man Saw
40:14 Gold Shaft Mining
39:18 Onager
40:05 Elite Skirmisher
41:25 Conscription
41:14 Elite Varangian Guard
43:05 Shield Wall
47:03 Caravan
48:28 Chain Mail Armor
48:21 Scale Barding Armor
Guerilla62
0:31 Loom
12:13 Feudal Age
14:15 Wheelbarrow
13:30 Double-Bit Axe
13:29 Horse Collar
19:00 Stone Mining
19:01 Gold Mining
23:14 Castle Age
24:27 Bow Saw
24:36 Hand Cart
24:24 Heavy Plow
25:01 Gold Shaft Mining
27:22 Padded Archer Armor
27:24 Scale Mail Armor
27:35 Forging
30:39 Masonry
30:50 Ballistics
30:43 Fortified Wall
31:23 Yeomen
32:23 Leather Archer Armor
31:59 Fletching
32:44 Iron Casting
32:25 Chain Mail Armor
34:14 Caravan
39:05 Imperial Age
38:59 Bodkin Arrow
39:11 Scale Barding Armor
40:16 Conscription
40:32 Hoardings
41:32 Chemistry
41:06 Architecture
40:32 Murder Holes
40:16 Elite Longbowman
43:21 Two-Man Saw
43:33 Ring Archer Armor
44:05 Blast Furnace
43:36 Plate Mail Armor
46:17 Bracer
48:33 Treadmill Crane
49:00 Siege Engineers
48:47 Arrowslits
49:38 Sappers
56:28 Husbandry
55:52 Cavalier
56:55 Chain Barding Armor
56:29 Light Cavalry
59:27 Plate Barding Armor
Connection lost

Rejoining the realm…

Still unreachable

The connection could not be restored.

Session expired

The server has moved on; the page needs a fresh start.